 Dungeon Crawl Stone Soup version 0.28-a0-793-g31680bbd8b (webtiles) character file.

Game seed: 16754516251582693329

135 porpoise the Conjurer (level 4, -2/36 HPs)
             Began as a Deep Elf Conjurer on Nov 4, 2021.
             Slain by an orc warrior (5 damage)
             ... on level 3 of the Dungeon.
             The game lasted 00:09:46 (3140 turns).

porpoise the Conjurer (Deep Elf Conjurer)           Turns: 3140, Time: 00:09:47

Health: -2/36      AC: 22    Str:  2 (4)  XL:     4   Next: 96%
Magic:  8/13       EV:  2    Int: 22 (24) God:
Gold:   153        SH:  5    Dex: 12 (13) Spells: 2/13 levels left

rFire   . . .      SeeInvis .   b - +0 hunting sling
rCold   . . .      Faith    .   (no shield)
rNeg    . . .      Spirit   .   (armour currently unavailable)
rPois   +          Reflect  +   (helmet currently unavailable)
rElec   .          Harm     .   (cloak currently unavailable)
rCorr   .          Rampage  .   (gloves currently unavailable)
Will    .....      NoTele   +   (boots currently unavailable)
Stlth   ++........              p - amulet of reflection
HPRegen 0.12/turn               (no ring)
MPRegen 0.13/turn               (no ring)

@: tree-form
A: stationary, stasis, torment immunity, boosted hp
a: no special abilities


You were on level 3 of the Dungeon.
You were a tree.
You visited 1 branch of the dungeon, and saw 4 of its levels.

You collected 153 gold pieces.

Inventory:

Hand Weapons
 a - a +0 rapier of venom
 b - a +0 hunting sling (weapon)
 q - a +0 dagger of venom
Missiles
 d - 50 stones (quivered ammo)
 o - 6 javelins
Armour
 e - a +0 robe (melded)
 l - a +2 helmet (melded)
Jewellery
 p - an amulet of reflection (around neck)
Wands
 n - a wand of acid (8)
Scrolls
 c - a scroll of fog {unknown}
 h - 2 scrolls of enchant weapon {unknown}
 j - a scroll of amnesia {unknown}
 k - a scroll of enchant armour {unknown}
 m - 2 scrolls of identify {unknown}
Potions
 f - a potion of lignification
 g - a potion of mutation {unknown}
 i - a potion of degeneration
 r - a potion of attraction {unknown}


   Skills:
 - Level 2.4 Dodging
 - Level 2.4 Stealth
 + Level 5.4 Spellcasting
 - Level 5.6 Conjurations
 + Level 1.0 Hexes


You had 2 spell levels left.
You knew the following spells:

 Your Spells              Type           Power      Damage    Failure   Level
a - Magic Dart            Conj           100%       1d8       1%          1
b - Searing Ray           Conj           60%        2d6       1%          2
c - Fulminant Prism       Conj/Hex       10%        3d9       24%         4
d - Iskenderun's Mystic   Conj/Tloc      18%        2d6       30%         4

Your spell library contained the following spells:

 Spells                   Type           Power      Damage    Failure   Level
 Dazzling Flash           Conj/Hex       40%        N/A       8%          3


Dungeon Overview and Level Annotations

Branches:
Dungeon (4/15)
 Temple: D:4-7

Altars:
Hepliaklqana
Ru

Shops:
D:3 (

Annotations:
D:3 exclusion: 2 downstairs
D:4 Sigmund


Message History

The orc warrior hits you with a +0 war axe.
The orc wizard barely misses you.
You climb upwards.
Level annotation: exclusion: 2 downstairs
There is a stone staircase leading down here.
The orc wizard hits you but does no damage.
You block the orc wizard's attack.
The orc wizard casts a spell.
The orc wizard flickers and vanishes!
Deactivating autopickup; reactivate with Ctrl-A.
Casting: Magic Dart (safe; 1% risk of failure)
Confirm with . or Enter, or press ? or * to list all spells.
Aiming: Searing Ray (safe; 1% risk of failure)
Press: ? - help, Shift-Dir - straight line, f - orc warrior
Aim: an orc warrior, wielding a +0 war axe and wearing a +0 chain mail (78% to hit)
The searing ray hits the orc warrior.
The orc warrior is moderately wounded. (Press . to maintain the ray.)
The orc warrior barely misses you.
The searing ray hits the orc warrior.
The orc warrior is moderately wounded.
The searing ray hits something.
You block the orc warrior's attack.
The searing ray misses the orc warrior.
The searing ray hits something!
You block the orc warrior's attack.
The searing ray hits the orc warrior.
The orc warrior is moderately wounded.
The searing ray hits something.
You finish channelling your searing ray.
The orc warrior hits you with a +0 war axe!
* * * LOW HITPOINT WARNING * * *
Unknown command.
It was a potion of degeneration.
There was something very wrong with that liquid.
You feel weakened.
You feel dopey.
You feel clumsy. You block the orc warrior's attack.
It was a potion of lignification.
You turn into a tree.
Your +2 helmet melds into your body.
Your +0 robe melds into your body.
Your roots penetrate the ground.
The orc warrior hits you with a +0 war axe.
You die...

..................)...#..#...#.).
....................#.#.##.#.+.._
......^.............#......#.#...
..........##........##..##...#.##
...........#>###..#......#.###...
.........#(........###.#...###'##
<..#..<..###.####..###.###.......
.###.....###..###..........###...
.#####.#..###..o♣................
..............####.##..#######...
....#.#####.#.####.##.## #..#
###...........).##.##.# ######...
# ##.#####...##.##.##.# #........
####.# ######.##.##.# #........
#....# #.##.#..# #.#.#.... #.####
#.##.#.## #.#.#.>.. #.# #..#...#
#.#.#####


You could see an orc warrior.

Vanquished Creatures
  Robin (D:2)
  3 adders
  A worm (D:2)
  4 dart slugs
  2 orcs
  5 bats
  6 endoplasms
  A giant cockroach (D:1)
  14 goblins
  7 hobgoblins
  9 jackals (D:1)
  7 kobolds
  A quokka (D:1)
  8 ball pythons
  3 frilled lizards
  2 quokka skeletons
  2 rats (D:1)
76 creatures vanquished.

Notes
Turn   | Place    | Note
-------+----------+-------------------------------------------
     0 | D:1      | porpoise the Deep Elf Conjurer began the quest for the Orb.
     0 | D:1      | Reached XP level 1. HP: 10/10 MP: 6/6
   218 | D:1      | Reached XP level 2. HP: 11/15 MP: 1/8
   704 | D:1      | Reached skill level 5 in Conjurations
   704 | D:1      | Reached XP level 3. HP: 19/19 MP: 8/10
   745 | D:1      | Learned a level 2 spell: Searing Ray
  1227 | D:2      | Noticed Robin
  1544 | D:2      | Killed Robin
  1545 | D:2      | Reached XP level 4. HP: 24/24 MP: 0/12
  1768 | D:2      | You fall into a shaft and drop 1 floor!
  1892 | D:2      | Found a faded altar of an unknown god.
  2085 | D:2      | Reached skill level 5 in Spellcasting
  2506 | D:3      | Learned a level 4 spell: Fulminant Prism
  2511 | D:3      | Learned a level 4 spell: Iskenderun's Mystic Blast
  2619 | D:3      | Found Zuppotan's Antique Weapon Boutique.
  2666 | D:3      | Found a hazy altar of Hepliaklqana.
  2758 | D:3      | Found a sacrificial altar of Ru.
  3038 | D:4      | Noticed Sigmund
  3117 | D:4      | Reached skill level 1 in Hexes
  3118 | D:4      | Noticed an orc warrior
  3138 | D:3      | HP: 1/24 [orc warrior (10)]
  3140 | D:3      | Slain by an orc warrior

Illustrated notes

Levels and vault maps discovered:
D:1:      psy_arrival_fountain, layout_rooms
D:2:      layout_basic, ebering_ecumenical_altar_hall,
          amcnicky_mini_corridor_feature, uniq_robin
D:3:      layout_rooms, mainiacjoe_overflow_six_doors_small,
          nicolae_hepliaklqana_hazy_memory, serial_shops,
          nicolae_shop_statue_plus, hex_tiny, corner_web_ring
D:4:      gammafunk_cloud_chamber, layout_rooms, minmay_temple_entry_waves,
          uniq_sigmund

Skill      XL: |  1  2  3  4 |
---------------+-------------+-----
Spellcasting   | 4 5 |  5.4
Conjurations   | 5 |  5.6
Hexes          | 1 |  1.0
Dodging        | |  2.4
Stealth        | |  2.4

Action                   |  1- 3 |  4- 6 || total
-------------------------+-------+-------++-------
Melee: Unarmed           |    10 |       ||    10
 Fire: Hunting sling     |       |     3 ||     3
 Cast: Magic Dart        |    83 |    41 ||   124
       Searing Ray       |     2 |     6 ||     8
  Use: Potion            |       |     2 ||     2
Armor: Robe              |     3 |     2 ||     5
Dodge: Dodged            |    30 |     7 ||    37
Block: Other             |       |     5 ||     5

Table legend: (Time is in decaauts)
 A = Elapsed time spent in this place.
 B = Non-inter-level travel time spent in this place.
 C = Inter-level travel time spent in this place.
 D = Time resting spent in this place.
 E = Time spent auto-exploring this place.
 F = Levels seen in this place.
 G = Mean time per level.
                   A        B        C        D        E       F      G
               +--------+--------+--------+--------+--------+-----+--------+
         Total |   3141 |   3043 |     98 |   1291 |   1191 |   4 |  785.2 |
       Dungeon |   3141 |   3043 |     98 |   1291 |   1191 |   4 |  785.2 |
               +--------+--------+--------+--------+--------+-----+--------+

Top non-repeatable levels by time:
     D:1: 1445 daAuts
     D:2: 998 daAuts
     D:3: 634 daAuts
     D:4: 63 daAuts
